 Dungeon Crawl Stone Soup version 0.32-a0-576-g706899e69d (webtiles) character file.

Game seed: 8921461795326361908

17 Newt the Trooper (level 2, -2/19 HPs)
             Began as a Gargoyle Fighter on Mar 1, 2024.
             Slain by a kobold
             ... wielding a +3 spear
              (7 damage)
             ... on level 2 of the Dungeon.
             The game lasted 00:00:48 (1462 turns).

Newt the Trooper (Gargoyle Fighter)                 Turns: 1462, Time: 00:00:49

Health: -2/19      AC: 10    Str: 19    XL:     2   Next: 62%
Magic:  2/2        EV:  9    Int:  8    God:
Gold:   68         SH:  4    Dex:  9    Spells: 1/1 levels left

rFire   . . .        a - +0 flail
rCold   . . .        c - +0 buckler
rNeg    + . .        b - +0 scale mail
rPois   ∞            (no helmet)
rElec   +            (no cloak)
rCorr   .            g - +0 pair of gloves
SInv    .            (no boots)
Will    .....        (no amulet) Stlth
                     (no ring)
HPRegen 0.23/turn    (no ring)
MPRegen 0.08/turn

%: no passive effects
@: mighty
A: sickness immunity, AC +2, negative energy resistance 1, electricity
resistance, torment resistance 1, petrification resistance
a: no special abilities


You were on level 2 of the Dungeon.
You visited 1 branch of the dungeon, and saw 2 of its levels.

You collected 68 gold pieces.

Inventory:

Hand Weapons
 a - a +0 flail (weapon)
Missiles
 i - 3 boomerangs (quivered)
Armour
 b - a +0 scale mail (worn)
 c - a +0 buckler (worn)
 g - a +0 pair of gloves (worn)
Scrolls
 e - a scroll of identify {unknown}
 f - a scroll of revelation {unknown}
 h - a scroll of teleportation {unknown}


   Skills:
 + Level 3.5 Fighting
 * Level 2.6 Maces & Flails
 + Level 3.5 Armour
 - Level 3.2 Shields


You had one spell level left.
You didn't know any spells.
Your spell library contained the following spells:

 Spells                   Type           Power      Damage    Failure   Level
 Kiss of Death            Conj/Necr      0%         2d5       85%         1
 Confusing Touch          Hex            0%         N/A       99%         3
 Ozocubu's Armour         Ice            0%         N/A       99%         3
 Dispel Undead            Necr           0%         3d6       100%        4
 Iskenderun's Battlesphe  Conj           0%         2d6       100%        5
 Metabolic Englaciation   Hex/Ice        0%         N/A       100%        5
 Bombard                  Conj/Erth      0%         9d1       100%        6
 Sculpt Simulacrum        Ice/Alch       0%         N/A       100%        6
 Spellforged Servitor     Conj/Summ      0%         N/A       100%        7


Dungeon Overview and Level Annotations

Branches:
Dungeon (2/15)

Altars:


Innate Abilities, Weirdness & Mutations

You are immune to sickness and miasma.
Your stone body is resilient. (AC +2)
You are immune to poison.
You resist negative energy. (rN+)
You are resistant to electric shocks. (rElec)
You are resistant to unholy torment.
You are immune to petrification.


Message History

Unknown command.
A quokka comes into view.
The ribbon worm bites you but does no damage.
A kobold comes into view. It is wielding a +3 spear.
Things that are here:
a +1 whip of electrocution; 2 stones The kobold shouts!
You hit the ribbon worm.
The ribbon worm is heavily wounded.
The ribbon worm bites you.
You barely miss the ribbon worm.
The ribbon worm is moderately wounded.
The kobold barely misses you.
The ribbon worm expels a string of sticky webbing.
The stream of webbing hits you but does no damage.
You are caught in a web!
Unknown command.
You struggle to detach yourself from the web.
The kobold hits you from afar with a +3 spear.
The ribbon worm bites you but does no damage.
Unknown command.
The web tears apart.
The kobold hits you from afar with a +3 spear.
* * * LOW HITPOINT WARNING * * *
The ribbon worm closely misses you.
Unknown command.
You feel very mighty all of a sudden. The quokka closely misses you.
You block the kobold's attack. The quokka closely misses you.
You barely miss the ribbon worm.
The ribbon worm is moderately wounded.
The ribbon worm closely misses you. The kobold barely misses you.
The quokka bites you but does no damage.
Unknown command.
You bludgeon the ribbon worm!!
You kill the ribbon worm!
The kobold hits you but does no damage.
The quokka bites you but does no damage.
The kobold hits you from afar with a +3 spear!
You die...

#.......##...##......
#.......##.#.....#...
##.......##...#......#
.'...>..w+..#....###..
#........##.##..# ###
#######.## ⌠.##...
#.....K## .## #..
#....).# #. ..
#...@.#.⌠.# #
#...r..#.#.#
#.......#.#
........###.♣
........... #.#
####..#...#. #.
#..##.#.⌠. #.. ..#.#.


You could see a quokka and a kobold.

Vanquished Creatures
  A ribbon worm (D:2)
  A dart slug (D:1)
  A bat (D:2)
  4 endoplasms
  A goblin (D:2)
  2 hobgoblins
  2 kobolds
  A frilled lizard (D:2)
13 creatures vanquished.

Notes
Turn   | Place    | Note
-------+----------+-------------------------------------------
     0 | D:1      | Newt the Gargoyle Fighter began the quest for the Orb.
     0 | D:1      | Reached XP level 1. HP: 14/14 MP: 1/1
   184 | D:1      | You fall into a shaft and drop 1 floor!
   428 | D:1      | Reached XP level 2. HP: 19/19 MP: 2/2
  1462 | D:2      | Slain by a kobold

Illustrated notes

Levels and vault maps discovered:
D:1:      kilobyte_arrival_exit_the_forest, layout_basic
D:2:      layout_basic, kennysheep_minor_cross, grunt_decor_mini_mirrors,
          minmay_misc_feat_rows

Action                     || total
---------------------------++-------
  Melee: Flail             ||    52
    Use: Potion            ||     1
 Armour: Scale mail        ||    39
  Dodge: Dodged            ||    26
  Block: Buckler           ||     9

Table legend: (Time is in decaauts)
 A = Elapsed time spent in this place.
 B = Non-inter-level travel time spent in this place.
 C = Inter-level travel time spent in this place.
 D = Time resting spent in this place.
 E = Time spent auto-exploring this place.
 F = Levels seen in this place.
 G = Mean time per level.
                   A        B        C        D        E       F      G
               +--------+--------+--------+--------+--------+-----+--------+
         Total |   1486 |   1325 |    161 |     48 |   1137 |   2 |  743.0 |
       Dungeon |   1486 |   1325 |    161 |     48 |   1137 |   2 |  743.0 |
               +--------+--------+--------+--------+--------+-----+--------+

Top non-repeatable levels by time:
     D:1: 1315 daAuts
     D:2: 170 daAuts
